 Dungeon Crawl Stone Soup version 0.30.0-15-g856e2d3f33 (webtiles) character file.

Game seed: 6784532571988662104

44 qw the Chopper (level 3, -4/23 HPs)
             Began as a Gargoyle Fighter on May 19, 2023.
             Slain by an iguana (7 damage)
             ... on level 2 of the Dungeon.
             The game lasted 00:00:32 (817 turns).

qw the Chopper (Gargoyle Fighter)                    Turns: 817, Time: 00:00:32

Health: -4/23      AC: 11    Str: 21    XL:     3   Next: 62%
Magic:  3/3        EV:  9    Int:  8    God:
Gold:   59         SH:  4    Dex:  9    Spells: 2/2 levels left

rFire   . . .        Y - +0 war axe
rCold   . . .        c - +0 buckler
rNeg    + . .        b - +0 scale mail
rPois   inf          (no helmet)
rElec   +            (no cloak)
rCorr   .            (no gloves)
SInv    +            h - +0 pair of boots
Will    .....        (no amulet) Stlth
                     l - ring of see invisible
HPRegen 0.23/turn    (no ring)
MPRegen 0.08/turn

%: no passive effects
@: no status effects
A: sickness immunity, AC +3, negative energy resistance 1, electricity
resistance, torment resistance 1, petrification resistance
a: no special abilities


You were on level 2 of the Dungeon.
You visited 1 branch of the dungeon, and saw 2 of its levels.

You collected 59 gold pieces.


Innate Abilities, Weirdness & Mutations

You are immune to sickness and miasma.
Your stone body is resilient. (AC +3)
You are immune to poison.
You resist negative energy. (rN+)
You are resistant to electric shocks. (rElec)
You are resistant to unholy torment.
You are immune to petrification.


   Skills:
 - Level 3.2 Fighting
 + Level 3.3 Axes
 - Level 0.7 Throwing
 - Level 3.2 Armour
 - Level 3.2 Shields


You had 2 spell levels left.
You didn't know any spells.
Your spell library was empty.

Inventory:

Hand Weapons
 f - a +4 whip of flaming
 Y - a +0 war axe (weapon)
Armour
 b - a +0 scale mail (worn)
 c - a +0 buckler (worn)
 h - a +0 pair of boots (worn)
Jewellery
 l - a ring of see invisible (left hand)
Scrolls
 e - a scroll of poison {unknown}
 g - a scroll of identify
Potions
 a - a potion of haste {unknown}
 d - a potion of might
 j - a potion of flight {unknown}

Dungeon Overview and Level Annotations

Branches:
Dungeon (2/15)

Altars:


Message History

You closely miss the giant cockroach. The giant cockroach closely misses you.
You barely miss the giant cockroach. You block the giant cockroach's attack.
The giant cockroach bites you but does no damage.
You closely miss the giant cockroach.
The giant cockroach bites you but does no damage.
You block the giant cockroach's attack.
You hit the giant cockroach but do no damage.
You block the giant cockroach's attack.
You slash the giant cockroach!
You kill the giant cockroach!
You barely miss the iguana. The iguana barely misses you.
You block the iguana's attack.
You barely miss the iguana. The iguana bites you.
You barely miss the iguana. The iguana bites you!
The iguana bites you but does no damage.
You barely miss the iguana.
The iguana bites you but does no damage.
You barely miss the iguana. The iguana bites you.
You hit the iguana but do no damage. The iguana closely misses you.
The iguana bites you.
You barely miss the iguana. The iguana bites you.
You hit the iguana.
The iguana is moderately wounded.
The iguana bites you!
You slash the iguana!
The iguana is almost dead.
You block the iguana's attack. The iguana barely misses you.
You barely miss the iguana.
The iguana is almost dead.
The iguana barely misses you.
You hit the iguana but do no damage.
The iguana is almost dead.
The iguana bites you!
You die...

#........).....###.#...
##..................#...
#.....##................
#.....##................
#.....##....^...........
#....................###
####.....##+####......#.
#......#.####........
###.@l...............
#%..............##.
....................
......................
........................
######.((...............
#..........##......
#..................
...........


You could see an iguana.

Vanquished Creatures
  2 worms (D:2)
  2 dart slugs (D:1)
  5 bats
  2 endoplasms (D:1)
  2 giant cockroaches (D:2)
  3 goblins (D:1)
  7 hobgoblins
  2 kobolds
  A quokka (D:1)
  3 ball pythons
  A frilled lizard (D:1)
  2 rats (D:1)
32 creatures vanquished.

Notes
Turn   | Place    | Note
-------+----------+-------------------------------------------
     0 | D:1      | qw the Gargoyle Fighter began the quest for the Orb.
     0 | D:1      | Reached XP level 1. HP: 14/14 MP: 1/1
     0 | D:1      | 0 ||| qw: Version: 0.2-a-96-g8eb1148
     0 | D:1      | 0 ||| qw: Game counter: 2
     0 | D:1      | 0 ||| qw: Always use a shield: true
     0 | D:1      | 0 ||| qw: God list: Okawaru
     0 | D:1      | 0 ||| qw: Allow faded altars: false
     0 | D:1      | 0 ||| qw: Do Orc after D:15 true
     0 | D:1      | 0 ||| qw: Do second Lair branch before Depths: true
     0 | D:1      | 0 ||| qw: Lair rune preference: random
     0 | D:1      | 0 ||| qw: Plans: Normal, Zot:1-4, God:TSO, Crypt, Tomb,
                  | Pan, Slime:5, Hells, Abyss, Win
     0 | D:1      | 0 ||| PLANNING D:1-11
   202 | D:1      | Reached XP level 2. HP: 17/19 MP: 2/2
   373 | D:1      | 373 ||| Stepping ~*~*~tactically~*~*~ (stealth).
   379 | D:1      | Reached skill level 3 in Axes
   406 | D:1      | Reached XP level 3. HP: 23/23 MP: 3/3
   627 | D:1      | 627 ||| UPGRADING to +0 pair of boots.
   632 | D:1      | 632 ||| UPGRADING to ring of see invisible.
   633 | D:1      | 633 ||| READING scroll labelled DEJOCS TEVA.
   634 | D:1      | 634 ||| READING 3 scrolls labelled GUATTEATHRO.
   635 | D:1      | 635 ||| READING 2 scrolls of identify.
   635 | D:1      | 635 ||| IDENTIFYING bubbling silvery potion
   636 | D:1      | 636 ||| DROPPING potion of invisibility.
   814 | D:2      | HP: 2/23 [iguana (7)]
   817 | D:2      | Slain by an iguana

Levels and vault maps discovered:
D:1:      lightli_arrival_flooded_house, layout_loops_cross, serial_bayou_pond_e
D:2:      layout_basic, uniq_terence

Skill      XL: |  1  2 |
---------------+-------+-----
Axes           | 2 3 |  3.3
Fighting       | |  3.2
Throwing       | |  0.7
Armour         | |  3.2
Shields        | |  3.2

Action                     || total
---------------------------++-------
  Melee: War axe           ||    85
  Throw: Javelin           ||    29
    Use: Scroll            ||     3
 Armour: Scale mail        ||    32
  Dodge: Dodged            ||    47
  Block: Buckler           ||    14

Table legend:
 A = Non-vault XP
 B = Vault XP
 C = Vault XP percentage of total XP
 D = Non-vault monster count
 E = Vault monster count
 F = Vault count percentage of total count
                 A         B        C        D         E       F
            +---------+---------+-------+---------+---------+-------
      Total |      64 |       0 |   0.0 |      32 |       0 |   0.0
            +---------+---------+-------+---------+---------+-------
        D:1 |      39 |       0 |   0.0 |      21 |       0 |   0.0
        D:2 |      25 |       0 |   0.0 |      11 |       0 |   0.0
            +---------+---------+-------+---------+---------+-------
